 Dungeon Crawl Stone Soup version 0.19.1 (webtiles) character file.

1403 FortunaImperatrix the Destroyer (level 8, -5/43 HPs)
             Began as a Deep Elf Conjurer on Dec 5, 2016.
             Was a Follower of Vehumet.
             Slain by Geoffrax's ghost (11 damage)
             ... on level 5 of the Dungeon.
             The game lasted 00:21:22 (5577 turns).

FortunaImperatrix the Destroyer (Deep Elf Conjurer) Turns: 5577, Time: 00:21:22

Health: -5/43      AC:  2    Str:  5    XL:     8   Next: 42%
Magic:  11/22      EV: 14    Int: 23    God:    Vehumet [*.....]
Gold:   275        SH:  0    Dex: 15    Spells: 5 memorised, 10 levels left

rFire  . . .     SeeInvis .     q - +1 dagger (venom)
rCold  . . .     Gourm    .     a - +0 robe
rNeg   . . .     Faith    .     (no shield)
rPois  +         Spirit   .     (no helmet)
rElec  .         Reflect  .     (no cloak)
rCorr  .         Harm     .     (no gloves)
MR     .....                    (no boots)
Stlth  ++........               (no amulet)
                                (no ring)
                                w - ring of poison resistance

@: no status effects
A: no striking features
a: Renounce Religion


You were on level 5 of the Dungeon.
You worshipped Vehumet.
Vehumet was aware of your devotion.
You were not hungry.

You visited 2 branches of the dungeon, and saw 6 of its levels.

You collected 275 gold pieces.

Inventory:

Hand Weapons
 q - a +1 dagger of venom (weapon)
Armour
 a - a +0 robe (worn)
 o - a +0 leather armour
Jewellery
 d - an uncursed amulet of harm
 w - a ring of poison resistance (left hand)
Wands
 D - a wand of acid (10/15)
Scrolls
 e - a scroll of recharging {unknown}
 i - 4 scrolls of magic mapping
 j - 2 scrolls of blinking {unknown}
 l - 4 scrolls of identify
 m - 2 scrolls of enchant armour {unknown}
 n - a scroll of random uselessness {unknown}
 p - a scroll of amnesia {unknown}
 u - a scroll of immolation {unknown}
 x - a scroll of teleportation {unknown}
 y - a scroll of fog {unknown}
Potions
 g - 2 potions of might {unknown}
 h - a potion of haste {unknown}
 k - 2 potions of mutation {unknown}
 s - a potion of cure mutation {unknown}
 t - 3 potions of curing {unknown}
 v - a potion of agility {unknown}
 z - 2 potions of heal wounds {unknown}
 A - a potion of degeneration {unknown}
 B - a potion of brilliance {unknown}
Books
 b - a book of Conjurations

   Spells                             Type                      Level
   a - Magic Dart                     Conjuration                  1
   b - Searing Ray                    Conjuration                  2
   c - Dazzling Spray                 Conjuration/Hexes            3
   d - Fulminant Prism                Conjuration/Hexes            4
   e - Iskenderun's Mystic Blast      Conjuration                  4
   f - Iskenderun's Battlesphere      Conjuration/Charms           5
Comestibles
 c - 4 bread rations
 f - 4 meat rations
 r - 3 fruits
 C - 2 chunks of flesh


   Skills:
 + Level 1.3 Fighting
 + Level 0.8 Short Blades
 - Level 0.1 Armour
 + Level 3.5 Dodging
 - Level 2.4 Stealth
 + Level 8.5 Spellcasting
 * Level 9.6 Conjurations


You had 10 spell levels left.
You knew the following spells:

 Your Spells              Type           Power        Failure   Level  Hunger
a - Magic Dart            Conj           ####         1%          1    None
b - Searing Ray           Conj           ######       1%          2    None
c - Iskenderun's Mystic   Conj           ######..     1%          4    ##.....
d - Dazzling Spray        Conj/Hex       ####..       3%          3    None
e - Fulminant Prism       Conj/Hex       ####......   12%         4    ##.....


Dungeon Overview and Level Annotations

Branches:
Dungeon (5/15)             Temple (1/1) D:4

Altars:
Cheibriados
Dithmenos
Elyvilon
Fedhas
Gozag
Hepliaklqana
Makhleb
Nemelex Xobeh
Okawaru
Qazlal
Sif Muna
Trog
Vehumet
The Shining One

Annotations:
D:5 Geoffrax's ghost, novice DgGl


Message History

a trident; a leather armour Geoffrax's ghost holds its blade at the ready.
Geoffrax's ghost ripples.
Casting: Searing Ray
Confirm with . or Enter, or press ? or * to list all spells.
Okay, then.
Casting: Searing Ray
Confirm with . or Enter, or press ? or * to list all spells.
Aiming: Searing Ray
Press: ? - help, Shift-Dir - straight line, f/p - Geoffrax's ghost
Aim: Geoffrax's ghost (severely damaged)
The searing ray misses Geoffrax's ghost.
The searing ray misses Geoffrax's ghost.
Geoffrax's ghost keens inconsolably.
Geoffrax's ghost hits you!
* * * LOW HITPOINT WARNING * * *
The searing ray hits Geoffrax's ghost.
Geoffrax's ghost is heavily damaged.
Geoffrax's ghost hits you!
You die...

#####..##)..........#############
.........†..........#
#####..##...........####
....>##.)............##
#.#######..)....#...##..#
#......###......#
#..##..###..##...# #..###)W#..##
#.# ##.. #..@..# ................
..##.........##. .# ##..._...##
#.........# .............
#..##.....##... #.# #..#..# #..


You could see Geoffrax's ghost.

Vanquished Creatures
  Grinder (D:5)
  An ice beast (D:5)
  A sky beast (D:5)
  2 ogres (D:4)
  A centaur (D:5)
  A big kobold (D:4)
  2 scorpions
  2 crimson imps (D:5)
  2 hounds
  2 jellies (D:5)
  2 orc priests (D:5)
  4 orc wizards
  Jessica (D:3)
  An iguana (D:5)
  2 worker ants
  3 adders
  A shadow imp (D:5)
  2 oozes (D:1)
  2 worms
  3 dart slugs
  2 leopard geckos (D:1)
  20 orcs
  A ball python (D:2)
  4 giant cockroaches
  6 goblins
  8 hobgoblins
  A jackal (D:2)
  15 kobolds
  3 quokkas (D:5)
  12 bats
  8 frilled lizards
  2 rats
118 creatures vanquished.

Notes
Turn   | Place    | Note
-------+----------+-------------------------------------------
     0 | D:1      | FortunaImperatrix the Deep Elf Conjurer began the quest for the Orb.
     0 | D:1      | Reached XP level 1. HP: 10/10 MP: 6/6
   202 | D:1      | You fall through a shaft!
   264 | D:1      | Reached XP level 2. HP: 15/15 MP: 2/8
   268 | D:1      | Learned a level 2 spell: Searing Ray
   491 | D:1      | Reached skill level 5 in Conjurations
   779 | D:1      | Reached XP level 3. HP: 19/19 MP: 5/10
  1601 | D:2      | You fall through a shaft!
  1847 | D:2      | Reached XP level 4. HP: 24/24 MP: 7/12
  1888 | D:2      | Learned a level 4 spell: Iskenderun's Mystic Blast
  2456 | D:3      | Reached skill level 5 in Spellcasting
  2547 | D:3      | Found a sparkling altar of Nemelex Xobeh.
  2799 | D:3      | Reached XP level 5. HP: 28/28 MP: 12/14
  2903 | D:3      | Noticed Jessica
  2905 | D:3      | Killed Jessica
  3156 | D:4      | Reached skill level 6 in Conjurations
  3366 | D:4      | Reached XP level 6. HP: 32/32 MP: 12/17
  3369 | D:4      | Found a snail-covered altar of Cheibriados.
  3369 | D:4      | Found a blossoming altar of Fedhas.
  3370 | D:4      | Found a staircase to the Ecumenical Temple.
  3382 | Temple   | Entered the Ecumenical Temple
  3407 | Temple   | Became a worshipper of Vehumet
  3430 | D:4      | Reached skill level 7 in Conjurations
  3846 | D:4      | Reached XP level 7. HP: 33/36 MP: 6/19
  4071 | D:4      | Learned a level 3 spell: Dazzling Spray
  4093 | D:5      | Entered Level 5 of the Dungeon
  4103 | D:5      | Reached skill level 8 in Conjurations
  4106 | D:5      | Noticed Grinder
  4229 | D:5      | Killed Grinder
  4345 | D:5      | Found a bloodstained altar of Trog.
  4443 | D:5      | Noticed Geoffrax's ghost (novice DgGl)
  4948 | D:5      | Reached XP level 8. HP: 42/42 MP: 15/22
  4956 | D:5      | Reached skill level 9 in Conjurations
  5107 | D:5      | Reached skill level 1 in Fighting
  5304 | D:5      | Reached * piety under Vehumet
  5304 | D:5      | Offered knowledge of Freeze by Vehumet.
  5326 | D:5      | Learned a level 4 spell: Fulminant Prism
  5457 | D:5      | Found a shadowy altar of Dithmenos.
  5577 | D:5      | Slain by Geoffrax's ghost

Skill      XL: |  1  2  3  4  5  6  7  8 |
---------------+-------------------------+-----
Conjurations   | 5 6 7 8 9 |  9.6
Spellcasting   | 4 5 6 8 |  8.5
Dodging        | 3 |  3.5
Fighting       | 1 |  1.3
Short Blades   | |  0.8
Armour         | |  0.1
Stealth        | |  2.4

Action                   |  1- 3 |  4- 6 |  7- 9 || total
-------------------------+-------+-------+-------++-------
Melee: Dagger            |     7 |       |     7 ||    14
 Cast: Magic Dart        |    91 |    83 |    69 ||   243
       Searing Ray       |     3 |    10 |    13 ||    26
       Iskenderun's Myst |       |       |    11 ||    11
       Dazzling Spray    |       |       |     4 ||     4
  Use: Scroll            |       |     5 |       ||     5
  Eat: Chunk             |     3 |     6 |     6 ||    15
Armor: Robe              |     3 |       |     4 ||     7
Dodge: Dodged            |    11 |    16 |    19 ||    46
